 Dungeon Crawl Stone Soup version 0.25-a0-1007-g10a8c3caa8 (webtiles) character file.

Game seed: 18350329628611416837, levelgen mode: deterministic

15073 Flugslaktarn the Cleaver (level 11, 0/102 HPs)
             Began as a Minotaur Fighter on May 11, 2020.
             Was an Initiate of Gozag.
             Slain by a 15-headed hydra (4 damage)
             ... on level 2 of the Lair of Beasts.
             The game lasted 00:05:59 (12650 turns).

Flugslaktarn the Cleaver (Minotaur Fighter)        Turns: 12650, Time: 00:05:59

Health: 0/102      AC: 26    Str: 19    XL:     11   Next: 97%
Magic:  10/10      EV:  7    Int:  5    God:    Gozag
Gold:   1042       SH: 13    Dex: 18    Spells: 10/10 levels left

rFire    + . .     SeeInvis .   i - +1 broad axe (freeze)
rCold    + . .     Gourm    .   c - +0 kite shield
rNeg     . . .     Faith    .   C - +8 chain mail "Locoilug" {rF+ Str-4 Dex+3 Stlth+}
rPois    .         Spirit   .   (helmet unavailable)
rElec    .         Reflect  .   g - +1 cloak {MR+}
rCorr    .         Harm     .   j - +0 pair of gloves
MR       +....                  (no boots)
Stlth    ..........             (no amulet)
HPRegen  0.27/turn              p - +2 ring of protection
MPRegen  0.12/turn              (no ring)

@: no status effects
A: retaliatory headbutt, horns 3, agile 1, cold resistance 1, strong 1
a: Potion Petition, Call Merchant, Bribe Branch, Renounce Religion


You were on level 2 of the Lair of Beasts.
You worshipped Gozag.
Gozag was most pleased with you.
You were hungry.

You visited 2 branches of the dungeon, and saw 13 of its levels.

You collected 2594 gold pieces.
You spent 951 gold pieces at shops.
You paid 601 gold pieces to Gozag.

Inventory:

Hand Weapons
 i - a +1 broad axe of freezing (weapon)
   (You bought it in a shop on level 1 of the Lair of Beasts)
Missiles
 l - 3 throwing nets (quivered)
Armour
 a - the +5 buckler of Indecent Exposure {rN++ Dex-3 SInv}
   (You found it on level 1 of the Lair of Beasts)

   It affects your dexterity (-3).
   It greatly protects you from negative energy.
   It lets you see invisible.
 c - a +0 kite shield (worn)
 g - a +1 cloak of magic resistance (worn)
   (You acquired it on level 6 of the Dungeon)
 j - a +0 pair of gloves (worn)
   (You found it on level 5 of the Dungeon)
 n - a +2 chain mail of cold resistance
   (You found it on level 5 of the Dungeon)
 C - the +8 chain mail "Locoilug" (worn) {rF+ Str-4 Dex+3 Stlth+}
   (You bought it in a shop on level 10 of the Dungeon)

   It affects your strength (-4).
   It affects your dexterity (+3).
   It protects you from fire.
   It makes you more stealthy.
Jewellery
 p - a +2 ring of protection (left hand)
   (You found it on level 6 of the Dungeon)
 A - an uncursed amulet of regeneration
   (You took it off an orc wizard on level 8 of the Dungeon)
Wands
 u - a wand of iceblast (4)
   (You found it on level 4 of the Dungeon)
 B - a wand of enslavement (19)
   (You found it on level 10 of the Dungeon)
Scrolls
 b - 3 scrolls of fear
 m - 5 scrolls of fog
 r - a scroll of identify
 t - a scroll of magic mapping
 x - 4 scrolls of remove curse
Potions
 d - a potion of resistance {unknown}
 f - 2 potions of stabbing
 h - a potion of flight {unknown}
 k - 2 potions of lignification
 o - 2 potions of ambrosia {unknown}
 q - 4 potions of curing
 s - a potion of magic {unknown}
 v - a potion of mutation
 w - 3 potions of heal wounds
 z - a potion of brilliance
 D - a potion of degeneration {unknown}
 E - a potion of berserk rage {unknown}
Miscellaneous
 y - a phial of floods
   (You found it on level 7 of the Dungeon)
Comestibles
 e - 15 rations


   Skills:
 + Level 11.0 Fighting
 * Level 14.3 Axes
 + Level 11.0 Armour
 + Level 11.0 Shields


You had 10 spell levels left.
You didn't know any spells.
Your spell library was empty.

Dungeon Overview and Level Annotations

Branches:
Dungeon (11/15)            Temple (0/1) D:7            Lair (2/6) D:10
  Snake (0/4) Lair:2          Orc (0/2) D:9
  Swamp: Lair:2-4    Shoals: Lair:2-4

Altars:
Gozag
Makhleb

Shops:
D:4 :   D:10 [   D:11 [   Lair:1 (

Portals:
Trove: D:10 (give +7 demon blade)

Annotations:
D:4 1 runed translucent door, Visage's ghost, amateur GrMo
Lair:1 3 runed translucent doors, exclusion: oklob plant, Geiry's ghost, novice GnWz; Gohezaip's ghost, journeyman MiFi; Neriamm's ghost, journeyman HOFi; Ynur's ghost, novice DDFi


Innate Abilities, Weirdness & Mutations

You reflexively headbutt those who attack you in melee.
You have a pair of large horns on your head.
You are agile. (Dex +2)
Your flesh is cold resistant. (rC+)
Your muscles are strong. (Str +2)


Message History

The 14-headed hydra seems to slow down.
You freeze the 14-headed hydra.
The 14-headed hydra is almost dead.
You slice one of the 14-headed hydra's heads off!
The 13-headed hydra grows two more!
You hit the 15-headed hydra.
The 15-headed hydra seems to slow down.
You freeze the 15-headed hydra.
The 15-headed hydra is almost dead.
The 15-headed hydra bites you but does no damage.
The 15-headed hydra bites you!
* * * LOW HITPOINT WARNING * * *
You block the 15-headed hydra's attack. The 15-headed hydra bites you.
* * * LOW HITPOINT WARNING * * *
You block the 15-headed hydra's attack. x2; The 15-headed hydra bites you.
* * * LOW HITPOINT WARNING * * *
The 15-headed hydra barely misses you.
The 15-headed hydra bites you but does no damage.
The 15-headed hydra bites you!
* * * LOW HITPOINT WARNING * * *
The 15-headed hydra bites you.
You die...
Your body crumbles into a pile of gold.

## ### .. #..# . .#
#..#... .#..#..##
####.D.....P
#.##@.^........ ..
##!..#....#....# .
#...##....#P..# #
#...# #.......# #
#.P## #......# ##
#..####(.....# #P
##.....#.....########.
#....................
#.#...P##............


You could see a 15-headed hydra (slow).

Vanquished Creatures
  Harold (D:7)
  A centaur warrior (D:7)
  2 two-headed ogres
  Erica (D:11)
  An unseen horror (D:8)
  A manticore (D:7)
  A cyclops (D:11)
  2 spiny frogs
  A rime drake (Lair:2)
  2 komodo dragons (Lair:1)
  A troll (D:11)
  4 hippogriffs
  A wyvern (D:10)
  A basilisk (Lair:2)
  3 nagas (Lair:2)
  4 water moccasins
  6 orc warriors
  A sky beast (D:9)
  2 ice beasts
  2 phantoms
  10 wolves
  4 centaurs
  4 ogres
  4 crocodiles (Lair:1)
  10 bullfrogs
  A scorpion (D:5)
  A killer bee (D:7)
  3 howler monkeys (D:9)
  7 crimson imps
  7 hounds
  2 centaur zombies
  4 jellies
  2 bullfrog skeletons
  12 orc priests
  9 orc wizards
  5 centaur skeletons
  2 iguanas
  9 worker ants
  A hound zombie (D:6)
  A hound skeleton (D:4)
  A howler monkey zombie (D:5)
  Robin (D:4)
  A howler monkey skeleton (D:5)
  11 gnolls
  11 adders
  A shadow imp (D:6)
  An ooze (D:2)
  An adder zombie (D:5)
  An adder skeleton (D:7)
  4 worms
  3 dart slugs
  4 leopard geckos
  42 orcs
  4 giant cockroaches
  15 goblins
  9 hobgoblins
  7 jackals (D:6)
  6 quokkas
  2 ball pythons
  4 bats
  5 frilled lizards
  3 kobolds (D:2)
  A leopard gecko skeleton (D:4)
  A leopard gecko zombie (D:6)
  A quokka skeleton (D:8)
  A quokka zombie (D:9)
  5 rats
  A fungus (Lair:2)
  3 plants
286 creatures vanquished.

Vanquished Creatures (others)
  Fannar (D:11)
  A withered plant (D:4)
2 creatures vanquished.

Grand Total: 288 creatures vanquished

Notes
Turn   | Place    | Note
-------+----------+-------------------------------------------
     0 | D:1      | Flugslaktarn the Minotaur Fighter began the quest for the
                  | Orb.
     0 | D:1      | Reached XP level 1. HP: 19/19 MP: 0/0
   177 | D:2      | Reached XP level 2. HP: 25/27 MP: 1/1
   181 | D:2      | Found an opulent altar of Gozag.
   202 | D:2      | Reached skill level 3 in Axes
   738 | D:2      | Became a worshipper of Gozag Ym Sagoz the Greedy
   935 | D:3      | Reached XP level 3. HP: 27/33 MP: 2/2
  1071 | D:3      | Reached XP level 4. HP: 40/40 MP: 3/3
  1087 | D:3      | Reached skill level 4 in Axes
  1650 | D:4      | Reached XP level 5. HP: 45/47 MP: 4/4
  1816 | D:4      | Found Jumn's Book Emporium.
  1907 | D:4      | Reached skill level 5 in Axes
  1908 | D:4      | Reached XP level 6. HP: 43/55 MP: 5/5
  1952 | D:4      | Reached skill level 5 in Armour
  1992 | D:4      | Noticed Robin
  2001 | D:4      | Killed Robin
  2001 | D:4      | Reached skill level 5 in Fighting
  2167 | D:4      | Reached skill level 5 in Shields
  2300 | D:4      | Found a runed translucent door.
  2301 | D:4      | Noticed Visage's ghost (amateur GrMo)
  2485 | D:5      | Entered Level 5 of the Dungeon
  2548 | D:5      | Reached skill level 6 in Axes
  2624 | D:5      | Reached XP level 7. HP: 25/61 MP: 6/6
  3559 | D:5      | Reached skill level 7 in Axes
  3845 | D:6      | Reached XP level 8. HP: 54/70 MP: 7/7
  4111 | D:6      | Reached skill level 8 in Axes
  4306 | D:6      | Identified a scroll of acquirement
  4440 | D:6      | Found a burning altar of Makhleb.
  5144 | D:6      | Reached skill level 9 in Axes
  5509 | D:7      | Noticed a centaur warrior
  5528 | D:7      | Killed a centaur warrior
  5528 | D:7      | Reached XP level 9. HP: 49/80 MP: 8/8
  5555 | D:7      | Noticed a manticore
  5570 | D:7      | Killed a manticore
  5570 | D:7      | Reached skill level 10 in Axes
  6000 | D:7      | Noticed Harold
  6028 | D:7      | Killed Harold
  6028 | D:7      | Reached skill level 11 in Axes
  6028 | D:7      | Reached XP level 10. HP: 57/90 MP: 9/9
  6180 | D:7      | Noticed a two-headed ogre
  6190 | D:7      | Killed a two-headed ogre
  6388 | D:7      | Found a staircase to the Ecumenical Temple.
  7047 | D:8      | Killed an unseen horror
  7177 | D:8      | Noticed a two-headed ogre
  7182 | D:8      | Killed a two-headed ogre
  7182 | D:8      | Reached skill level 12 in Axes
  8137 | D:9      | Found a staircase to the Orcish Mines.
  8249 | D:9      | Reached XP level 11. HP: 99/99 MP: 10/10
  8510 | D:10     | Entered Level 10 of the Dungeon
  8863 | D:10     | Found a staircase to the Lair.
  8905 | D:10     | Found Ofiprixa's Armour Boutique.
  8909 | D:10     | Bought the +8 chain mail "Locoilug" {rF+ Str-4 Dex+3
                  | Stlth+} for 710 gold pieces
  9143 | D:10     | Reached skill level 10 in Armour
  9395 | D:10     | Found a portal to a secret trove of treasure.
  9503 | D:11     | Reached skill level 10 in Fighting
  9558 | D:11     | Noticed Erica
  9566 | D:11     | Reached skill level 13 in Axes
  9566 | D:11     | Reached skill level 10 in Shields
  9574 | D:11     | Killed Erica
  9758 | D:11     | Found Aklyr's Antique Armour Shop.
  9850 | D:11     | Noticed Fannar
 10124 | D:11     | Killed Fannar
 11063 | Lair:1   | Entered Level 1 of the Lair of Beasts
 11191 | Lair:1   | Gained mutation: You have a pair of large horns on your
                  | head. [potion of mutation]
 11191 | Lair:1   | Gained mutation: Your flesh is cold resistant. (rC+)
                  | [potion of mutation]
 11191 | Lair:1   | Gained mutation: Your muscles are strong. (Str +2) [potion
                  | of mutation]
 11191 | Lair:1   | Gained mutation: You are agile. (Dex +2) [potion of
                  | mutation]
 11195 | Lair:1   | Bought a +1 broad axe of freezing for 241 gold pieces
 11255 | Lair:1   | Got a faintly glowing buckler
 11266 | Lair:1   | Identified the +5 buckler of Indecent Exposure {rN++ Dex-3
                  | SInv} (You found it on level 1 of the Lair of Beasts)
 11420 | Lair:1   | Reached skill level 14 in Axes
 11728 | Lair:1   | Noticed an oklob plant
 11733 | Lair:1   | Found a runed translucent gate.
 11733 | Lair:1   | Found a runed translucent gate.
 11735 | Lair:1   | Found a runed translucent gate.
 11735 | Lair:1   | Noticed Neriamm's ghost (journeyman HOFi)
 11735 | Lair:1   | Noticed Ynur's ghost (novice DDFi)
 11736 | Lair:1   | Noticed Gohezaip's ghost (journeyman MiFi)
 11736 | Lair:1   | Noticed Geiry's ghost (novice GnWz)
 12428 | Lair:2   | Found a staircase to the Snake Pit.
 12637 | Lair:2   | Noticed an eight-headed hydra
 12650 | Lair:2   | HP: 4/102 [15-headed hydra (8)]
 12650 | Lair:2   | Slain by a 15-headed hydra

Illustrated notes

Levels and vault maps discovered:
D:1:      minmay_arrival_checkered_box, layout_basic
D:2:      layout_basic, grunt_gozag_statues, mrwooster_statue_mirror
D:3:      layout_basic
D:4:      layout_rooms, serial_shops, shop, gammafunk_ghost_grave,
          roderic_malta_cross, minmay_statues_item, uniq_robin
D:5:      layout_loops_ring, first_ration, minivault_26, corexii_checkpoint_a
D:6:      minmay_thinvault, layout_basic, basic_altar, kennysheep_small_spiral
D:7:      minmay_blocky_corners, layout_loops_ring, minmay_temple_entry_trees,
          grunt_ogre_cave, uniq_harold
D:8:      layout_gridville
D:9:      layout_basic, orc_0_dummy
D:10:     layout_loops_corners, dpeg_oklobed_lair, serial_shops, shop,
          nicolae_trove_entry_diagonal
D:11:     layout_irregular_city, serial_shops, nicolae_shop_overgrown_old_shop,
          uniq_fannar, uniq_erica
Lair:1:   layout_loops_ring, gammafunk_ghost_cemetery, grunt_megastairs_1,
          serial_bayou_shore_a, infiniplex_staircase_pool,
          minmay_lair_oklob_chamber
Lair:2:   layout_layer_cave, minmay_snake_entry_guardpost_small, worms_lemuel

Skill      XL: |  1  2  3  4  5  6  7  8  9 10 11 |
---------------+----------------------------------+-----
Axes           | 3 4 5 6 7 9 11 12 14 | 14.3
Fighting       | 4 5 6 7 8 9 11 | 11.0
Armour         | 4 5 6 7 8 9 11 | 11.0
Shields        | 4 5 6 7 8 9 11 | 11.0

Action                   |  1- 3 |  4- 6 |  7- 9 | 10-12 || total
-------------------------+-------+-------+-------+-------++-------
Melee: War axe           |    70 |   124 |   280 |   411 ||   885
       Headbutt          |    11 |    25 |    55 |   117 ||   208
       Broad axe         |       |       |       |    85 ||    85
Invok: Potion Petition   |       |       |     1 |       ||     1
       Call Merchant     |       |       |       |     1 ||     1
  Use: Scroll            |       |     7 |     2 |     9 ||    18
       Potion            |       |       |     1 |     2 ||     3
 Stab: Distracted        |       |     2 |     2 |     2 ||     6
  Eat: Ration            |       |     2 |     3 |     6 ||    11
Armor: Scale mail        |    34 |    39 |     5 |       ||    78
       Chain mail        |       |       |   107 |   233 ||   340
Dodge: Dodged            |    24 |    30 |    49 |    74 ||   177
Block: Kite shield       |    38 |    48 |   150 |   252 ||   488

Table legend:
 A = Non-vault XP
 B = Vault XP
 C = Vault XP percentage of total XP
 D = Non-vault monster count
 E = Vault monster count
 F = Vault count percentage of total count
                 A         B        C        D         E       F
            +---------+---------+-------+---------+---------+-------
      Total |   15834 |    5700 |  26.5 |     247 |      36 |  12.7
            +---------+---------+-------+---------+---------+-------
        D:1 |       7 |       0 |   0.0 |       5 |       0 |   0.0
        D:2 |      29 |       0 |   0.0 |      13 |       0 |   0.0
        D:3 |     143 |       0 |   0.0 |      24 |       0 |   0.0
        D:4 |     399 |      37 |   8.5 |      19 |      13 |  40.6
        D:5 |     625 |       6 |   1.0 |      18 |       2 |  10.0
        D:6 |    1029 |     252 |  19.7 |      37 |       7 |  15.9
        D:7 |    1155 |    2882 |  71.4 |      14 |       8 |  36.4
        D:8 |    2794 |       0 |   0.0 |      24 |       0 |   0.0
        D:9 |    2035 |       0 |   0.0 |      38 |       0 |   0.0
       D:10 |     682 |       0 |   0.0 |      11 |       0 |   0.0
       D:11 |    2807 |    1880 |  40.1 |      21 |       2 |   8.7
     Lair:1 |    2565 |     145 |   5.4 |      15 |       1 |   6.2
     Lair:2 |    1564 |     498 |  24.2 |       8 |       3 |  27.3
            +---------+---------+-------+---------+---------+-------
